 Dungeon Crawl Stone Soup version 0.30.0-18-gc0e69614cb (webtiles) character file.

Game seed: 14918824473329017676

10388 croobank the Martial Artist (level 11, -5/84 HPs)
             Began as a Gnoll Transmuter on May 23, 2023.
             Was a Priest of Qazlal.
             Slain by a sun demon (14 damage)
             ... summoned by an obsidian statue
             ... on level 10 of the Dungeon.
             The game lasted 00:58:23 (11722 turns).

croobank the Martial Artist (Gnoll Transmuter)     Turns: 11722, Time: 00:58:24

Health: -5/84      AC: 13    Str: 10    XL:     11   Next: 61%
Magic:  11/23      EV: 20    Int: 23    God:    Qazlal [***...]
Gold:   112        SH:  4    Dex: 12    Spells: 8/26 levels left

rFire   . . .        P - +3 trident (flame)
rCold   . . .        (no shield)
rNeg    . . .        M - +0 steam dragon scales
rPois   .            h - +2 helmet
rElec   .            (no cloak)
rCorr   .            Q - +0 pair of gloves
SInv    .            I - +1 pair of boots
Will    .....        G - amulet of the acrobat
Stlth   ++           i - +5 ring of evasion
HPRegen 0.34/turn    s - +6 ring of intelligence
MPRegen 0.18/turn

%: acrobat
@: wereblooded, mesmerised
A: fangs 1, strong nose, distributed training
a: Renounce Religion, Upheaval, Elemental Force


You were on level 10 of the Dungeon.
You worshipped Qazlal.
Qazlal was most pleased with you.
You visited 1 branch of the dungeon, and saw 10 of its levels.
You also visited: Ossuary.

You collected 491 gold pieces.
You spent 379 gold pieces at shops.

Inventory:

Hand Weapons
 a - a +6 dagger of venom
 g - the +2 trident "Nekoim" {flame, *Corrode rPois rN+ Int+2}
   (You bought it in a shop on level 8 of the Dungeon)

   Int:       It affects your intelligence (+2).
   rPois:     It protects you from poison.
   rN:        It protects you from negative energy.
   *Corrode:  It may corrode you when you take damage.
 r - a +1 short sword of speed
 u - a +2 heavy hand axe
 y - a +0 hand axe of electrocution
 K - a +0 scimitar
 O - a +0 broad axe
 P - a +3 trident of flaming (weapon)
Missiles
 d - a throwing net (quivered)
 l - 59 poisoned darts
 A - 7 atropa-tipped darts
 B - 2 curare-tipped darts
Armour
 h - a +2 helmet (worn)
 I - a +1 pair of boots (worn)
 M - +0 steam dragon scales (worn)
 Q - a +0 pair of gloves (worn)
 R - a +3 scale mail of poison resistance
Magical Staves
 D - a staff of air
Jewellery
 i - a +5 ring of evasion (left hand)
 s - a +6 ring of intelligence (right hand)
 E - a ring of positive energy
 G - an amulet of the acrobat (around neck)
Wands
 e - a wand of flame (31)
 p - a wand of iceblast (3)
 x - a wand of charming (7)
 z - a wand of polymorph (9)
Scrolls
 f - 7 scrolls of teleportation
 k - a scroll of butterflies
 t - a scroll of amnesia
 v - 3 scrolls of fear
 F - 2 scrolls of magic mapping
 H - 2 scrolls of blinking
 J - 5 scrolls of identify
 L - a scroll of poison
 N - a scroll of vulnerability
Potions
 b - 4 potions of lignification
 c - 5 potions of curing
 j - a potion of heal wounds
 m - 2 potions of flight
 n - 3 potions of might
 o - 3 potions of mutation
 q - 2 potions of attraction
 w - 6 potions of brilliance
 C - 2 potions of invisibility


   Skills:
 + Level 7.2 Fighting
 + Level 6.7 Short Blades
 + Level 6.7 Long Blades
 + Level 6.7 Axes
 + Level 6.7 Maces & Flails
 + Level 6.7 Polearms
 + Level 6.7 Staves
 + Level 6.7 Ranged Weapons
 + Level 6.7 Throwing
 + Level 6.7 Armour
 + Level 8.2 Dodging
 + Level 6.7 Stealth
 + Level 6.7 Shields
 + Level 9.4 Unarmed Combat
 + Level 8.4 Spellcasting
 + Level 5.5 Conjurations
 + Level 5.5 Hexes
 + Level 5.5 Summonings
 + Level 5.5 Necromancy
 + Level 5.5 Translocations
 + Level 6.8 Transmutations
 + Level 5.5 Fire Magic
 + Level 5.5 Ice Magic
 + Level 5.5 Air Magic
 + Level 5.5 Earth Magic
 + Level 5.5 Poison Magic
 + Level 7.3 Invocations
 + Level 6.7 Evocations


You had 8 spell levels left.
You knew the following spells:

 Your Spells              Type           Power      Damage    Failure   Level
a - Beastly Appendage     Tmut           82%        N/A       1%          1
b - Wereblood             Tmut           41%        N/A       1%          2
c - Spider Form           Tmut/Pois      38%        N/A       1%          3
d - Ice Form              Ice/Tmut       38%        N/A       4%          4
e - Foxfire               Conj/Fire      100%       2x1d9     1%          1
f - Apportation           Tloc           70%        N/A       1%          1
g - Call Canine Familiar  Summ           35%        N/A       1%          3
h - Summon Guardian Gole  Hex/Summ       35%        N/A       1%          3

Your spell library contained the following spells:

 Spells                   Type           Power      Damage    Failure   Level
 Necrotise                Necr           100%       1d9       1%          1
 Summon Small Mammal      Summ           100%       N/A       1%          1
 Ensorcelled Hibernation  Hex/Ice        70%        N/A       1%          2
 Anguish                  Hex/Necr       17%        N/A       7%          4
 Fireball                 Conj/Fire      17%        3d9       19%         5
 Plasma Beam              Fire/Air       17%        2x1d32    71%         6
 Starburst                Conj/Fire      17%        6d6       71%         6


Dungeon Overview and Level Annotations

Branches:
Dungeon (10/15)            Temple (0/1) D:7         Ossuary (visited)
   Lair: D:8-11         Orc: D:9-12

Altars:
Dithmenos
Elyvilon
Hepliaklqana
Kikubaaqudgha
Nemelex Xobeh
Qazlal
Ru
Sif Muna
Trog
Uskayaw
Xom

Shops:
D:1 *   D:6 (   D:8 (

Annotations:
D:6 2 transporters, PerfectTommy's ghost, novice MiFi
D:10 exclusion: obsidian statue


Innate Abilities, Weirdness & Mutations

You have very sharp teeth.
Your uncanny sense of smell can sniff out nearby items.
Your experience applies equally to all skills.


Message History

You block the sun demon's attack.
The obsidian statue's eyes glow briefly.
You cannot move away from the obsidian statue!
You warm up again.
Your +3 trident of flaming unmelds from your body.
Your +2 helmet unmelds from your body.
Your +0 pair of gloves unmelds from your body.
Your +1 pair of boots unmelds from your body.
Your +0 steam dragon scales unmelds from your body.
Your +3 trident of flaming bursts into flame!
The sun demon hits you!!
You are engulfed in flames!!
* * * LOW HITPOINT WARNING * * *
The sun demon misses you.
The obsidian statue's eyes glow briefly.
Okay, then.
Okay, then.
Throw: throwing net
Press: ? - help, Q - select action, (/) - cycle Shift-Dir - straight line, f - sun demon
Aim: a sun demon (lightly wounded, summoned, 58% to hit)
Okay, then.
Okay, then.
Okay, then.
Aiming: Upheaval
Press: ? - help, Dir - move target, f - sun demon
Aim: a sun demon (lightly wounded, summoned)
Okay, then.
Aiming: Upheaval
Press: ? - help, Dir - move target, f - obsidian statue
Aim: an obsidian statue (mesmerising, ally target)
Okay, then.
Aiming: Upheaval
Press: ? - help, Dir - move target, f - obsidian statue
Aim: an obsidian statue (mesmerising, ally target)
A storm cloud blasts the area with cutting wind!
The cutting wind hits the obsidian statue!
The obsidian statue is moderately damaged.
The sun demon hits you.
* * * LOW HITPOINT WARNING * * *
You are engulfed in flames!
You die...

##)### #........##.
#))#########################.###
##..............................
#...........................###
##########.........##########
###.....### ##...## #.9.# ##@##
#3# #8# ###


You could see an obsidian statue (mesmerising, ally target), a sun demon
(summoned) and a friendly guardian golem (summoned).

Vanquished Creatures
  Harold (D:9)
  2 two-headed ogres (D:9)
  A cyclops (D:9)
  A troll (D:10)
  Grinder (D:5)
  A hornet (D:5)
  A wraith (D:9)
  2 wyverns
  10 yaks (D:10)
  A steam dragon (D:8)
  2 vampire mosquitoes (D:10)
  Duvessa (D:4)
  An acid dragon (D:9)
  5 water moccasins
  3 orc warriors
  An ice beast (D:6)
  2 sky beasts
  3 ogres
  3 centaurs
  2 phantoms
  A bullfrog (D:9)
  2 gnoll sergeants
  3 kobold brigands
  15 scorpions
  4 wights (D:8)
  Dowan (D:4)
  12 killer bees
  A howler monkey (D:4)
  A centaur zombie (Ossuary)
  4 jellies
  2 human zombies (Ossuary)
  3 orc priests
  A gnoll bouda (D:7)
  2 sleepcaps
  3 iguanas (D:5)
  6 scorpion zombies (Ossuary)
  4 orc wizards
  3 mummies (Ossuary)
  18 gnolls
  7 adders
  A shadow imp (D:6)
  2 ufetubi
  A worm (D:2)
  2 dart slugs (D:1)
  20 orcs
  8 endoplasms
  6 giant cockroaches
  10 goblins
  6 hobgoblins
  11 jackals
  42 kobolds
  7 quokkas
  5 ball pythons
  5 bats
  2 frilled lizards
  A gnoll zombie (Ossuary)
  5 goblin zombies
  6 hobgoblin zombies (Ossuary)
  4 orc zombies (Ossuary)
  4 rats
285 creatures vanquished.

Vanquished Creatures (collateral kills)
  A gnoll sergeant (D:9)
  A kobold (D:9)
2 creatures vanquished.

Vanquished Creatures (others)
  A vampire mosquito (D:10)
  A kobold brigand (D:10)
  A kobold (D:6)
  34 foxfires
37 creatures vanquished.

Grand Total: 324 creatures vanquished

Notes
Turn   | Place    | Note
-------+----------+-------------------------------------------
     0 | D:1      | croobank the Gnoll Transmuter began the quest for the Orb.
     0 | D:1      | Reached XP level 1. HP: 17/17 MP: 6/6
    83 | D:1      | Reached XP level 2. HP: 10/23 MP: 5/7
   333 | D:1      | Learned a level 2 spell: Wereblood
   441 | D:1      | Reached skill level 5 in Spellcasting
   441 | D:1      | Reached XP level 3. HP: 17/28 MP: 5/9
   722 | D:1      | Found Elowkofov's General Store.
   730 | D:1      | Bought a scroll of teleportation for 30 gold pieces
   730 | D:1      | Bought a scroll of butterflies for 40 gold pieces
   849 | D:1      | Reached skill level 1 in Invocations
  1205 | D:2      | Learned a level 3 spell: Spider Form
  1237 | D:2      | Reached skill level 1 in Short Blades
  1237 | D:2      | Reached skill level 1 in Long Blades
  1237 | D:2      | Reached skill level 1 in Axes
  1237 | D:2      | Reached skill level 1 in Maces & Flails
  1237 | D:2      | Reached skill level 1 in Polearms
  1237 | D:2      | Reached skill level 1 in Staves
  1237 | D:2      | Reached skill level 1 in Ranged Weapons
  1237 | D:2      | Reached skill level 1 in Throwing
  1237 | D:2      | Reached skill level 1 in Armour
  1237 | D:2      | Reached skill level 1 in Stealth
  1237 | D:2      | Reached skill level 1 in Shields
  1237 | D:2      | Reached skill level 1 in Evocations
  1462 | D:2      | Reached XP level 4. HP: 34/34 MP: 8/11
  1630 | D:2      | Reached skill level 1 in Conjurations
  1630 | D:2      | Reached skill level 1 in Hexes
  1630 | D:2      | Reached skill level 1 in Summonings
  1630 | D:2      | Reached skill level 1 in Necromancy
  1630 | D:2      | Reached skill level 1 in Translocations
  1630 | D:2      | Reached skill level 1 in Fire Magic
  1630 | D:2      | Reached skill level 1 in Ice Magic
  1630 | D:2      | Reached skill level 1 in Air Magic
  1630 | D:2      | Reached skill level 1 in Earth Magic
  1630 | D:2      | Reached skill level 1 in Poison Magic
  1998 | D:3      | Found a stormy altar of Qazlal.
  2002 | D:3      | Became a worshipper of Qazlal Stormbringer
  2008 | D:3      | Found a sacrificial altar of Ru.
  2019 | D:3      | Found a shadowy altar of Dithmenos.
  2026 | D:3      | Found a shimmering altar of Xom.
  2032 | D:3      | Found a hazy altar of Hepliaklqana.
  2040 | D:3      | Found a white marble altar of Elyvilon.
  2045 | D:3      | Found a shimmering blue altar of Sif Muna.
  2063 | D:3      | Noticed a phantom
  2076 | D:3      | Killed a phantom
  2077 | D:3      | Reached XP level 5. HP: 18/41 MP: 9/12
  2354 | D:3      | Found a bloodstained altar of Trog.
  2599 | D:4      | Noticed Dowan
  2607 | D:4      | Noticed Duvessa
  2612 | D:4      | Killed Dowan
  2613 | D:4      | Reached XP level 6. HP: 47/47 MP: 10/14
  2618 | D:4      | Killed Duvessa
  2619 | D:4      | Reached skill level 5 in Dodging
  2801 | D:4      | Reached skill level 7 in Unarmed Combat
  2801 | D:4      | Reached XP level 7. HP: 52/52 MP: 12/15
  3075 | D:4      | Learned a level 1 spell: Foxfire
  3094 | D:4      | Found a sparkling altar of Nemelex Xobeh.
  3106 | D:4      | Found an ancient bone altar of Kikubaaqudgha.
  3241 | D:4      | Reached * piety under Qazlal
  3487 | D:5      | Entered Level 5 of the Dungeon
  3505 | D:5      | Reached XP level 8. HP: 44/60 MP: 13/16
  3599 | D:5      | Noticed a hornet
  3614 | D:5      | Killed a hornet
  3850 | D:5      | Noticed Grinder
  3872 | D:5      | Killed Grinder
  3921 | D:5      | Reached skill level 5 in Transmutations
  4423 | D:5      | Reached XP level 9. HP: 63/66 MP: 14/18
  4428 | D:5      | Learned a level 4 spell: Ice Form
  5213 | D:6      | Reached skill level 5 in Fighting
  5261 | D:6      | Found a transporter.
  5262 | D:6      | Noticed PerfectTommy's ghost (novice MiFi)
  5265 | D:6      | Found a transporter.
  5265 | D:6      | Identified the +7 great mace "Zessaf" {flame, rN++}
  5265 | D:6      | Identified the +4 great mace "Peler" {flame, rF++}
  5265 | D:6      | Noticed a two-headed ogre
  5323 | D:6      | Found a sand-covered staircase.
  5336 | Ossuary  | Entered an ossuary
  5383 | Ossuary  | Reached skill level 8 in Unarmed Combat
  5463 | Ossuary  | Reached ** piety under Qazlal
  5464 | Ossuary  | Reached skill level 5 in Invocations
  6160 | D:6      | Reached skill level 5 in Short Blades
  6160 | D:6      | Reached skill level 5 in Long Blades
  6160 | D:6      | Reached skill level 5 in Axes
  6160 | D:6      | Reached skill level 5 in Maces & Flails
  6160 | D:6      | Reached skill level 5 in Polearms
  6160 | D:6      | Reached skill level 5 in Staves
  6160 | D:6      | Reached skill level 5 in Ranged Weapons
  6160 | D:6      | Reached skill level 5 in Throwing
  6160 | D:6      | Reached skill level 5 in Armour
  6160 | D:6      | Reached skill level 5 in Stealth
  6160 | D:6      | Reached skill level 5 in Shields
  6160 | D:6      | Reached skill level 5 in Evocations
  6212 | D:6      | Reached XP level 10. HP: 75/76 MP: 17/20
  6231 | D:6      | Reached *** piety under Qazlal
  6368 | D:6      | Found Cabbonei's Weapon Boutique.
  6379 | D:6      | Bought 3 atropa-tipped darts for 29 gold pieces
  6996 | D:7      | Found a staircase to the Ecumenical Temple.
  8820 | D:8      | Found Tiehagysm's Antique Weapon Boutique.
  8829 | D:8      | Bought a brightly glowing trident for 280 gold pieces
  8829 | D:8      | Identified the +2 trident "Nekoim" {flame, *Corrode rPois
                  | rN+ Int+2} (You bought it in a shop on level 8 of the
                  | Dungeon)
  8961 | D:9      | Noticed a two-headed ogre
  8971 | D:9      | Killed a two-headed ogre
  9898 | D:9      | Noticed Harold
  9899 | D:9      | Noticed a cyclops
  9925 | D:9      | Killed Harold
  9926 | D:9      | Reached skill level 9 in Unarmed Combat
  9926 | D:9      | Reached skill level 5 in Conjurations
  9926 | D:9      | Reached skill level 5 in Hexes
  9926 | D:9      | Reached skill level 5 in Summonings
  9926 | D:9      | Reached skill level 5 in Necromancy
  9926 | D:9      | Reached skill level 5 in Translocations
  9926 | D:9      | Reached skill level 5 in Fire Magic
  9926 | D:9      | Reached skill level 5 in Ice Magic
  9926 | D:9      | Reached skill level 5 in Air Magic
  9926 | D:9      | Reached skill level 5 in Earth Magic
  9926 | D:9      | Reached skill level 5 in Poison Magic
  9926 | D:9      | Reached XP level 11. HP: 72/83 MP: 12/23
  9938 | D:9      | Killed a cyclops
 10449 | D:9      | Noticed a two-headed ogre
 10465 | D:9      | Killed a two-headed ogre
 10697 | D:10     | Entered Level 10 of the Dungeon
 10896 | D:10     | Noticed an obsidian statue
 10901 | D:10     | Learned a level 1 spell: Apportation
 10907 | D:10     | Learned a level 3 spell: Call Canine Familiar
 10911 | D:10     | Learned a level 3 spell: Summon Guardian Golem
 11158 | D:10     | Found a hide-covered altar of Uskayaw.
 11718 | D:10     | Noticed a sun demon
 11722 | D:10     | Slain by a sun demon

Illustrated notes

Levels and vault maps discovered:
D:1:      minmay_arrival_glassed_features, layout_basic, serial_glass,
          glass_columns_a, glass_columns_c, item_on_display_a, feat_on_display,
          minmay_strange_pillars, serial_shops, shop
D:2:      cheibrodos_helix_gallery, layout_basic
D:3:      layout_rooms, grunt_temple_overflow_octagram, trog_hazing_becter
D:4:      layout_loops_ring, nicolae_overflow_squiral, minmay_distorted,
          uniq_duvessa
D:5:      layout_loops_ring, uniq_grinder
D:6:      kennysheep_kobold_camp, layout_basic, enter_ossuary_4,
          gammafunk_ghost_smash, serial_shops, shop
D:7:      layout_layer_cave, minmay_temple_entry_water_ring,
          serial_bayou_pond_e, chequers_serial_rivers_micro_c,
          grunt_decor_fettered, minmay_misc_feat_nine_boxes
D:8:      layout_rooms, serial_shops, nicolae_shop_advertising_works
          [nicolae_subvault_shop_adworks], minmay_stone_trees_small,
          kennysheep_generic_room_10
D:9:      layout_small_grid, uniq_harold
D:10:     minmay_statue_hallways, layout_basic,
          mainiacjoe_overflow_small_starburst

Skill      XL: |  1  2  3  4  5  6  7  8  9 10 11 |
---------------+----------------------------------+-----
Spellcasting   | 5 6 7 8 |  8.4
Invocations    | 1 2 3 4 5 6 7 |  7.3
Short Blades   | 1 2 3 5 6 |  6.7
Long Blades    | 1 2 3 5 6 |  6.7
Axes           | 1 2 3 5 6 |  6.7
Maces & Flails | 1 2 3 5 6 |  6.7
Polearms       | 1 2 3 5 6 |  6.7
Staves         | 1 2 3 5 6 |  6.7
Ranged Weapons | 1 2 3 5 6 |  6.7
Throwing       | 1 2 3 5 6 |  6.7
Armour         | 1 2 3 5 6 |  6.7
Stealth        | 1 2 3 5 6 |  6.7
Shields        | 1 2 3 5 6 |  6.7
Evocations     | 1 2 3 5 6 |  6.7
Conjurations   | 1 2 3 4 5 |  5.5
Hexes          | 1 2 3 4 5 |  5.5
Summonings     | 1 2 3 4 5 |  5.5
Necromancy     | 1 2 3 4 5 |  5.5
Translocations | 1 2 3 4 5 |  5.5
Fire Magic     | 1 2 3 4 5 |  5.5
Ice Magic      | 1 2 3 4 5 |  5.5
Air Magic      | 1 2 3 4 5 |  5.5
Earth Magic    | 1 2 3 4 5 |  5.5
Poison Magic   | 1 2 3 4 5 |  5.5
Fighting       | 3 4 5 6 7 |  7.2
Transmutations | 4 5 6 |  6.8
Dodging        | 5 6 7 8 |  8.2
Unarmed Combat | 7 8 9 |  9.4

Action                     |  1- 3 |  4- 6 |  7- 9 | 10-12 || total
---------------------------+-------+-------+-------+-------++-------
  Melee: Short sword       |     9 |       |       |       ||     9
         Unarmed           |     4 |       |    66 |   153 ||   223
         Kick              |    20 |    27 |    63 |    41 ||   151
         Bite              |     6 |    12 |    27 |    23 ||    68
         Dagger            |    66 |    88 |   279 |    63 ||   496
         Headbutt          |    10 |    17 |    30 |    28 ||    85
         Punch             |       |       |    10 |    11 ||    21
         Trident           |       |       |       |    87 ||    87
  Throw: Throwing net      |       |       |       |     6 ||     6
         Dart              |       |       |       |     2 ||     2
   Cast: Beastly Appendage |    20 |    16 |    25 |    13 ||    74
         Wereblood         |    14 |    16 |    24 |    21 ||    75
         Foxfire           |       |       |    18 |     3 ||    21
         Spider Form       |       |       |     9 |     8 ||    17
         Ice Form          |       |       |     1 |    15 ||    16
         Call Canine Famil |       |       |       |     4 ||     4
         Apportation       |       |       |       |     2 ||     2
         Summon Guardian G |       |       |       |     2 ||     2
 Invoke: Upheaval          |       |       |       |     4 ||     4
         Elemental Force   |       |       |       |     1 ||     1
Ability: End Transformatio |       |       |     1 |     1 ||     2
  Evoke: Wand              |       |       |       |     1 ||     1
    Use: Scroll            |       |     9 |    13 |     7 ||    29
         Potion            |       |     1 |     2 |     7 ||    10
   Stab: Sleeping          |     3 |       |       |       ||     3
         Invisible         |       |       |       |     1 ||     1
 Armour: Robe              |    15 |     9 |    19 |    10 ||    53
         Skin              |       |       |     1 |    14 ||    15
         Steam dragon scal |       |       |       |     6 ||     6
  Dodge: Dodged            |    55 |    68 |   267 |   263 ||   653
  Block: Other             |       |       |    21 |    45 ||    66
